 Dungeon Crawl Stone Soup version 0.14-a0-1719-ga7e7698 (webtiles) character file.

225 Jenx the Ruinous (level 4, -1/24 HPs)
             Began as a Deep Elf Conjurer on Jan 1, 2014.
             Killed from afar by an orc wizard (8 damage)
             ... with a puff of flame
             ... on Level 3 of the Dungeon.
             The game lasted 00:07:25 (2552 turns).

Jenx the Ruinous (Deep Elf Conjurer)                Turns: 2552, Time: 00:07:25

HP  -1/24        AC  2     Str  5      XL: 4   Next: 36%
MP   2/13        EV 13     Int 21      God:
Gold 132         SH  0     Dex 15      Spells:  3 memorised,  1 level left

rFire  . . .     SeeInvis .     h - +1,+2 spear
rCold  . . .     Clarity  .     a - +0 elf robe
rNeg   . . .     Conserve .     (no shield)
rPois  .         rCorr    .     (no helmet)
rElec  .         rRot     .     (no cloak)
SustAb . .       Spirit   .     (no gloves)
rMut   .         Warding  .     (no boots)
Saprov . . .     Stasis   .     (no amulet)
                                (no ring)
                                (no ring)

@: slightly resistant to hostile enchantments, fairly stealthy
A: no striking features
a: no special abilities


You were on level 3 of the Dungeon.
You were not hungry.

You visited 1 branch of the dungeon, and saw 3 of its levels.

You collected 132 gold pieces.

Inventory:

Hand weapons
 h - a +1,+2 spear (weapon)
Missiles
 q - 8 needles of slowing
Armour
 a - a +0 elven robe (worn)
Magical devices
 k - a wand of random effects (4) {unknown}
 n - a wand of polymorph (13)
Comestibles
 b - 2 bread rations
 f - a meat ration
 l - a chunk of bat flesh
Scrolls
 d - 2 scrolls of enchant weapon I {unknown}
 g - a scroll of magic mapping {unknown}
 j - a scroll of enchant armour {unknown}
 m - a scroll of remove curse {unknown}
 o - 2 scrolls of identify
 s - a scroll of teleportation {unknown}
 t - a scroll of amnesia
 u - a scroll of fear {unknown}
 v - a scroll of curse armour {unknown}
Potions
 e - 2 potions of brilliance
 i - 2 potions of speed
 r - 2 potions of curing {unknown}
Books
 c - a book of Conjurations

   Spells                             Type                      Level
   *Magic Dart                        Conjuration                  1
   Searing Ray                        Conjuration                  2
   *Dazzling Spray                    Conjuration/Hexes            3
   *Iskenderun's Mystic Blast         Conjuration                  4
   Iskenderun's Battlesphere          Conjuration/Charms           4
   Fulminant Prism                    Conjuration/Hexes            5


   Skills:
 - Level 2.4 Dodging
 - Level 2.4 Stealth
 - Level 3.0 Spellcasting
 * Level 6.4 Conjurations


You had one spell level left.
You knew the following spells:

 Your Spells              Type           Power        Failure   Level  Hunger
a - Magic Dart            Conj           ####         1%          1    None
b - Dazzling Spray        Conj/Hex       ###.....     14%         3    ###....
c - Iskenderun's Mystic   Conj           ####....     12%         4    ####...


Dungeon Overview and Level Annotations

Branches:
Dungeon (3/16)

Altars:
Kikubaaqudgha

Annotations:
D:3 exclusion: orc wizard


Message History

Casting: Magic Dart
Confirm with . or Enter, or press ? or * to list all spells.
Aiming: Magic Dart
Press: ? - help, Shift-Dir - straight line, f/p - orc
Aim: an orc, wielding an orcish hand axe (severely wounded)
The magic dart hits the orc.
The orc is severely wounded.
It hits you.
Casting: Magic Dart
Confirm with . or Enter, or press ? or * to list all spells.
You don't have enough magic to cast that spell.
You closely miss it. It hits you.
The orc hits you with an orcish hand axe.
* * * LOW HITPOINT WARNING * * *
It barely misses you.
A puff of flame appears from out of thin air!
The puff of flame hits you!
One of your 3 scrolls of identify catches fire!
One of your 2 scrolls of amnesia catches fire!
You die...

o#.#####.#.##..#.#........#...
.. ...#.##..#o###.########.
#.#.#######.##.%#.# #.....# #.
#.....#.........#.# #.###.# #.
...............#.#.##### #.#
#. .##.#.#.#.#.#.....###.# #.
#########.#...........#.....#
...
..........#.#.#.#<###.####..#
#.. #########.#<#...@o....#
#..# .# #.......#.##..# #..#
#.#.#####.##..####..# #.#.#
#.#.........# #
#.#.#####.#.........#
#.#.....#.#.........#
#.#####)#.##..##+#..# ## #.#
#.#.##..##.#######. #.#
#.#................


You could see an orc.

Vanquished Creatures
  Terence (D:3)
  A giant mite (D:2)
  2 adders
  2 worms (D:2)
  2 giant geckos
  3 orcs (D:3)
  3 giant cockroaches (D:1)
  6 goblins
  5 hobgoblins
  6 kobolds (D:2)
  2 ball pythons
  3 bats
  A giant newt (D:2)
  6 rats
  A rat skeleton (D:3)
44 creatures vanquished.

Notes
Turn   | Place    | Note
--------------------------------------------------------------
     0 | D:1      | Jenx, the Deep Elf Conjurer, began the quest for the Orb.
     0 | D:1      | Reached XP level 1. HP: 10/10 MP: 5/5
   242 | D:1      | Reached XP level 2. HP: 15/15 MP: 6/8
   507 | D:1      | Reached skill level 5 in Conjurations
   837 | D:2      | Reached XP level 3. HP: 19/19 MP: 1/10
   842 | D:2      | Learned a level 3 spell: Dazzling Spray
  1566 | D:2      | Reached skill level 6 in Conjurations
  1854 | D:3      | Reached XP level 4. HP: 24/24 MP: 11/13
  1862 | D:3      | Learned a level 4 spell: Iskenderun's Mystic Blast
  2011 | D:3      | Found an ancient bone altar of Kikubaaqudgha.
  2089 | D:3      | Noticed Terence
  2096 | D:3      | Killed Terence
  2552 | D:3      | Killed from afar by an orc wizard

Action                   |  1- 3 |  4- 6 || total
-------------------------+-------+-------++-------
Melee: Spear             |    13 |     3 ||    16
 Cast: Magic Dart        |    80 |    26 ||   106
       Dazzling Spray    |     1 |     9 ||    10
  Use: Scroll            |     4 |     2 ||     6
 Stab: Invisible         |       |     1 ||     1
